 Dungeon Crawl Stone Soup version 0.30-a0-1163-gf69bf04e7a (webtiles) character file.

Game seed: 14892858053588852226

16 Djinni the Caller (level 2, 0/20 HPs)
             Began as a Merfolk Summoner on Apr 28, 2023.
             Slain by a jackal (2 damage)
             ... on level 1 of the Dungeon.
             The game lasted 00:02:39 (493 turns).

Djinni the Caller (Merfolk Summoner)                 Turns: 493, Time: 00:02:39

Health: 0/20       AC:  2    Str:  8    XL:     2   Next: 58%
Magic:  2/5        EV: 13    Int: 14    God:
Gold:   4          SH:  0    Dex: 14    Spells: 2/5 levels left

rFire   . . .        (no weapon)
rCold   . . .        (no shield)
rNeg    . . .        a - +0 robe
rPois   .            (no helmet)
rElec   .            (no cloak)
rCorr   .            (no gloves)
SInv    .            (no boots)
Will    .....        (no amulet)
Stlth   ++           (no ring)
HPRegen 0.23/turn    (no ring)
MPRegen 0.09/turn

%: no passive effects
@: no status effects
A: (nimble swimmer 2), mertail
a: no special abilities


You were on level 1 of the Dungeon.
You visited 1 branch of the dungeon, and saw 1 of its levels.

You collected 4 gold pieces.

Inventory:

Armour
 a - a +0 robe (worn)
 e - a +0 robe
Jewellery
 c - a ring of ice
Scrolls
 d - a scroll of poison {unknown}


   Skills:
 + Level 0.5 Fighting
 + Level 0.5 Polearms
 + Level 2.9 Dodging
 * Level 2.5 Stealth
 * Level 2.2 Spellcasting
 * Level 4.1 Summonings


You had 2 spell levels left.
You knew the following spells:

 Your Spells              Type           Power      Damage    Failure   Level
a - Summon Small Mammal   Summ           52%        N/A       4%          1
b - Call Imp              Summ           26%        N/A       6%          2

Your spell library contained the following spells:

 Spells                   Type           Power      Damage    Failure   Level
 Call Canine Familiar     Summ           13%        N/A       13%         3
 Summon Guardian Golem    Hex/Summ       7%         N/A       30%         3
 Summon Lightning Spire   Summ/Air       7%         N/A       69%         4


Dungeon Overview and Level Annotations

Branches:
Dungeon (1/15)

Altars:


Innate Abilities, Weirdness & Mutations

((You are very nimble when in or above water. (Stealth+, EV+, Speed+++)))
Your lower body shifts to a powerful aquatic tail in water.


Message History

The jackal closely misses you.
Your bat barely misses the jackal.
The jackal bites you.
* * * LOW HITPOINT WARNING * * *
Your cerulean imp hits the ball python but does no damage.
The jackal bites your bat.
Your bat barely misses the jackal.
The ball python barely misses your bat. The ball python grabs your bat.
The ball python constricts your bat.
Your bat dies!
Your bat's corpse disappears in a puff of smoke!
Casting: Summon Small Mammal (safe; 4% risk of failure)
Press: ? - help, Q - select action, (/) - cycle Dir - look around, f - activate Your cerulean imp hits the ball python from afar with a -3 spear.
The ball python dies!
The jackal bites you but does no damage.
The ball python attacks as you move away!
The ball python bites you.
* * * LOW HITPOINT WARNING * * *
Your bat closely misses the jackal.
The ball python misses you. The ball python barely misses you.
The jackal closely misses you.
Your bat closely misses the jackal.
The jackal attacks as you move away! The jackal barely misses you.
Your bat hits the ball python. The jackal closely misses you.
Your bat barely misses the ball python.
Your cerulean imp barely misses the jackal.
The jackal bites you but does no damage.
The jackal misses you. The jackal attacks as you move away!
The jackal closely misses you. The jackal bites you.
* * * LOW HITPOINT WARNING * * *
Your cerulean imp hits the jackal but does no damage.
The jackal bites you.
* * * LOW HITPOINT WARNING * * *
The jackal attacks as you move away! The jackal closely misses you.
Your cerulean imp barely misses the jackal.
You closely miss the jackal. The jackal misses you.
Your cerulean imp hits the jackal from afar with a -3 spear.
You hit the jackal but do no damage.
The jackal is heavily wounded.
The jackal bites you.
You die...

##### #...##### #........
####### #...##### #5....#
##.##
#.###.###############.# #.#
#...5Sh@..........#####.
#5###.##############........
##...†.## #.#######
#####.......## #.#
#..........).########## #.#
#.###...)..........†..# #.#
...........#########.###.##
#.#####...#.# ##....S.5....#
##.##.# #......[.....#


You could see a jackal (ally target), a ball python and a friendly cerulean imp
(summoned).

Vanquished Creatures
  A bat (D:1)
  An endoplasm (D:1)
  2 rats (D:1)
4 creatures vanquished.

Vanquished Creatures (collateral kills)
  An endoplasm (D:1)
  A goblin (D:1)
  6 jackals (D:1)
  2 ball pythons (D:1)
10 creatures vanquished.

Grand Total: 14 creatures vanquished

Notes
Turn   | Place    | Note
-------+----------+-------------------------------------------
     0 | D:1      | Djinni the Merfolk Summoner began the quest for the Orb.
     0 | D:1      | Reached XP level 1. HP: 13/13 MP: 3/3
   304 | D:1      | Reached XP level 2. HP: 5/19 MP: 0/5
   366 | D:1      | Learned a level 2 spell: Call Imp
   463 | D:1      | HP: 1/20 [ball python (2)]
   473 | D:1      | HP: 1/20 [jackal (2)]
   490 | D:1      | HP: 1/20 [jackal (2)]
   493 | D:1      | Slain by a jackal

Illustrated notes

Levels and vault maps discovered:
D:1:      amcnicky_arrival_feature_with_door, layout_loops_ring

Action                     || total
---------------------------++-------
  Melee: Unarmed           ||    73
   Cast: Summon Small Mamm ||    10
         Call Imp          ||     3
    Use: Potion            ||     1
   Stab: Sleeping          ||     2
 Armour: Robe              ||    52
  Dodge: Dodged            ||   145

Table legend: (Time is in decaauts)
 A = Elapsed time spent in this place.
 B = Non-inter-level travel time spent in this place.
 C = Inter-level travel time spent in this place.
 D = Time resting spent in this place.
 E = Time spent auto-exploring this place.
 F = Levels seen in this place.
 G = Mean time per level.
                   A        B        C        D        E       F      G
               +--------+--------+--------+--------+--------+-----+--------+
         Total |    493 |    493 |      0 |     85 |      3 |   1 |  493.0 |
       Dungeon |    493 |    493 |      0 |     85 |      3 |   1 |  493.0 |
               +--------+--------+--------+--------+--------+-----+--------+

Top non-repeatable levels by time:
     D:1: 493 daAuts
